TOP OF THE 1ST |
Seattle (APP) Mariners batting - Pitching for Greeneville Astros : LHP Jeremy Mellott
|
Pitching: LHP Jeremy Mellott
|
|
Batting: RHB Chris Van Niel
|
0-0: Swinging Strike 0-1: Ball 1-1: Fly out, F7 (Flyball, 7LM, EV 99.4 MPH)
|
Batting: RHB Nick Edmunds
|
0-0: Ball 1-0: Called Strike 1-1: Ball 2-1: Ball 3-1: Base on Balls
|
Batting: SHB Carlos Luna
|
0-0: Ball 1-0: Ball 2-0: Fielders Choice at 2nd, 5-4 (Groundball, 56S, EV 91.9 MPH)
|
Batting: SHB Raghnall Ahearne
|
0-0: Called Strike 0-1: Ball 1-1: Ball 2-1: Called Strike 2-2: Foul Ball, location: 2F 2-2: Ball 3-2: Base on Balls Carlos Luna to second
|
Batting: SHB Frank Amato
|
0-0: Called Strike 0-1: Ball 1-1: Foul Ball, location: 2F 1-2: Ball 2-2: Ball 3-2: SINGLE (Groundball, 5S, EV 94.4 MPH) Carlos Luna to third Raghnall Ahearne to second Carlos Luna scores Raghnall Ahearne to third
|
Batting: LHB Chang Huie
|
0-0: Fielders Choice at 2nd, 5-4 (Groundball, 5L, EV 102.5 MPH)
|
Top of the 1st over - 1 run, 1 hit, 0 errors, 2 left on base; Seattle (APP) 1 - Greeneville 0 |
BOTTOM OF THE 1ST |
Greeneville Astros batting - Pitching for Seattle (APP) Mariners : LHP Ramiro Aguilar
|
Pitching: LHP Ramiro Aguilar
|
|
Batting: RHB Omar Amaya
|
0-0: Ball 1-0: Ball 2-0: Ball 3-0: Called Strike 3-1: Swinging Strike 3-2: Strikes out swinging
|
Batting: LHB Jackson Trottier
|
0-0: Swinging Strike 0-1: Ground out U3 (Groundball, 3S, EV 85.6 MPH)
|
Batting: RHB Masaru Konno
|
0-0: SINGLE (Flyball, 4D, EV 93.8 MPH)
|
Batting: RHB Yoshitoshi Mori
|
0-0: Ball 1-0: Fly out, F8 (Flyball, 8RM, EV 79.4 MPH)
|
Bottom of the 1st over - 0 runs, 1 hit, 0 errors, 1 left on base; Seattle (APP) 1 - Greeneville 0 |
TOP OF THE 2ND |
Seattle (APP) Mariners batting - Pitching for Greeneville Astros : LHP Jeremy Mellott
|
Batting: RHB Danny Pujols
|
0-0: Called Strike 0-1: Ball 1-1: Ball 2-1: Swinging Strike 2-2: Strikes out swinging
|
Batting: RHB Omar Solis
|
0-0: Ground out 6-3 (Groundball, 6MS, EV 74.4 MPH)
|
Batting: LHB Prince Nunley
|
0-0: Ball 1-0: Fly out, F9 (Line Drive, 89M, EV 92.5 MPH)
|
Top of the 2nd over - 0 runs, 0 hits, 0 errors, 0 left on base; Seattle (APP) 1 - Greeneville 0 |
BOTTOM OF THE 2ND |
Greeneville Astros batting - Pitching for Seattle (APP) Mariners : LHP Ramiro Aguilar
|
Batting: RHB Hugo Priego
|
0-0: Ball 1-0: Swinging Strike 1-1: Ball 2-1: SINGLE (Groundball, 6MD, EV 106.2 MPH)
|
Batting: LHB Guadalupe Gonzalez
|
0-0: Ball 1-0: Called Strike 1-1: Foul Ball, location: 2F 1-2: Ball 2-2: Ball 3-2: Strikes out swinging Hugo Priego is caught stealing 2nd base 2-6 Batter strikes out.
|
Batting: LHB Ryan Fridley
|
0-0: Reached on error, E6 (Groundball, 6, EV 100.6 MPH)
|
Batting: RHB Fernando Acosta
|
0-0: Ball 1-0: Ball 2-0: Fly out, F3 (Popup, 3SF, EV 80.6 MPH)
|
Bottom of the 2nd over - 0 runs, 1 hit, 1 error, 1 left on base; Seattle (APP) 1 - Greeneville 0 |
TOP OF THE 3RD |
Seattle (APP) Mariners batting - Pitching for Greeneville Astros : LHP Jeremy Mellott
|
Batting: RHB Chris Van Niel
|
0-0: Foul Ball, location: 2F 0-1: Foul Ball, location: 2F 0-2: Ball 1-2: Ground out 5-3 (Groundball, 56S, EV 85.0 MPH)
|
Batting: RHB Nick Edmunds
|
0-0: Called Strike 0-1: Foul Ball, location: 2F 0-2: Strikes out looking
|
Batting: SHB Carlos Luna
|
0-0: Ball 1-0: Ground out 4-3 (Groundball, 34, EV 103.8 MPH)
|
Top of the 3rd over - 0 runs, 0 hits, 0 errors, 0 left on base; Seattle (APP) 1 - Greeneville 0 |
BOTTOM OF THE 3RD |
Greeneville Astros batting - Pitching for Seattle (APP) Mariners : LHP Ramiro Aguilar
|
Batting: RHB Devon Healy
|
0-0: Called Strike 0-1: Called Strike 0-2: Strikes out looking
|
Batting: RHB Omar Amaya
|
0-0: Ball 1-0: Swinging Strike 1-1: Foul Ball, location: 2F 1-2: Foul Ball, location: 2F 1-2: Foul Ball, location: 2F 1-2: Ball 2-2: TRIPLE (Line Drive, 7D, EV 98.1 MPH)
|
Batting: LHB Jackson Trottier
|
0-0: Ground out U3 (Groundball, 3, EV 100.0 MPH)
|
Batting: RHB Masaru Konno
|
0-0: Foul Ball, location: 2F 0-1: Ball 1-1: Fly out, F7 (Line Drive, 8LM, EV 91.9 MPH)
|
Bottom of the 3rd over - 0 runs, 1 hit, 0 errors, 1 left on base; Seattle (APP) 1 - Greeneville 0 |
TOP OF THE 4TH |
Seattle (APP) Mariners batting - Pitching for Greeneville Astros : LHP Jeremy Mellott
|
Batting: SHB Raghnall Ahearne
|
0-0: Ball 1-0: Hit by Pitch
|
Batting: SHB Frank Amato
|
0-0: Ball 1-0: Foul Ball, location: 2F 1-1: Ball 2-1: Foul Ball, location: 2F 2-2: Ball 3-2: Fly out, F9 (Flyball, 9, EV 95.6 MPH)
|
Batting: LHB Chang Huie
|
0-0: Ball 1-0: Fly out, F5 (Popup, 25F, EV 84.4 MPH)
|
Batting: RHB Danny Pujols
|
0-0: Called Strike 0-1: Ball 1-1: Ball 2-1: Foul Ball, location: 2F 2-2: SINGLE (Line Drive, 4M, EV 101.2 MPH) Raghnall Ahearne to second
|
Batting: RHB Omar Solis
|
0-0: Ball 1-0: Ball 2-0: Fielders Choice at 2nd, 6-4 (Groundball, 6, EV 89.4 MPH)
|
Top of the 4th over - 0 runs, 1 hit, 0 errors, 2 left on base; Seattle (APP) 1 - Greeneville 0 |
BOTTOM OF THE 4TH |
Greeneville Astros batting - Pitching for Seattle (APP) Mariners : LHP Ramiro Aguilar
|
Batting: RHB Yoshitoshi Mori
|
0-0: Ball 1-0: Called Strike 1-1: Foul Ball, location: 2F 1-2: Ball 2-2: Foul Ball, location: 2F 2-2: Foul Ball, location: 2F 2-2: Ball 3-2: Base on Balls
|
Batting: RHB Hugo Priego
|
0-0: Fielders Choice at 2nd, 6-4 (Groundball, 6, EV 103.8 MPH)
|
Batting: LHB Guadalupe Gonzalez
|
0-0: Called Strike 0-1: Ball 1-1: Called Strike 1-2: Ball 2-2: Ball 3-2: DOUBLE (Line Drive, 78M, EV 108.1 MPH) Hugo Priego to third
|
Batting: LHB Ryan Fridley
|
0-0: Called Strike 0-1: Ball 1-1: Ball 2-1: TRIPLE (Flyball, 78XD, EV 98.8 MPH) Hugo Priego scores Guadalupe Gonzalez scores
|
Pitching: RHP Mario Mata
|
|
Batting: RHB Fernando Acosta
|
0-0: Ball 1-0: Foul Ball, location: 2F 1-1: Foul Ball, location: 2F 1-2: Foul Ball, location: 2F 1-2: Foul Ball, location: 2F 1-2: Ball 2-2: Strikes out swinging
|
Batting: RHB Devon Healy
|
0-0: Called Strike 0-1: Ball 1-1: Ball 2-1: Foul Ball, location: 2F 2-2: Foul Ball, location: 2F 2-2: Ball 3-2: Foul Ball, location: 2F 3-2: Base on Balls
|
Batting: RHB Omar Amaya
|
0-0: Ball 1-0: Swinging Strike 1-1: Called Strike 1-2: Ball 2-2: Ball 3-2: Base on Balls Devon Healy to second
|
Pitching: LHP Adam Schmidt
|
|
Batting: LHB Jackson Trottier
|
0-0: Ball 1-0: Swinging Strike 1-1: Foul Ball, location: 2F 1-2: Fly out, F6 (Line Drive, 6, EV 63.8 MPH)
|
Bottom of the 4th over - 2 runs, 2 hits, 0 errors, 3 left on base; Seattle (APP) 1 - Greeneville 2 |
TOP OF THE 5TH |
Seattle (APP) Mariners batting - Pitching for Greeneville Astros : LHP Jeremy Mellott
|
Batting: LHB Prince Nunley
|
0-0: Ball 1-0: Ball 2-0: Ball 3-0: Base on Balls
|
Batting: RHB Chris Van Niel
|
0-0: Ball 1-0: Ball 2-0: Fly out, F8 (Flyball, 8RM, EV 91.9 MPH)
|
Batting: RHB Nick Edmunds
|
0-0: Swinging Strike 0-1: Ball 1-1: Ball 2-1: Ball 3-1: Base on Balls Prince Nunley to second
|
Batting: SHB Carlos Luna
|
0-0: Called Strike 0-1: Swinging Strike 0-2: Ball 1-2: Fielders Choice at 2nd, 2-4 (Groundball, 2L, EV 66.9 MPH) Prince Nunley to third
|
Pitching: RHP Max Warburton
|
|
Batting: SHB Raghnall Ahearne
|
0-0: Ball 1-0: Swinging Strike 1-1: Ball 2-1: Ball 3-1: Called Strike 3-2: Strikes out looking
|
Top of the 5th over - 0 runs, 0 hits, 0 errors, 2 left on base; Seattle (APP) 1 - Greeneville 2 |
BOTTOM OF THE 5TH |
Greeneville Astros batting - Pitching for Seattle (APP) Mariners : LHP Adam Schmidt
|
Batting: RHB Masaru Konno
|
0-0: Called Strike 0-1: Swinging Strike 0-2: Ball 1-2: Ball 2-2: Foul Ball, location: 2F 2-2: Ball 3-2: Strikes out looking
|
Batting: RHB Yoshitoshi Mori
|
0-0: Ball 1-0: Ball 2-0: Called Strike 2-1: Called Strike 2-2: Ball 3-2: SINGLE (Line Drive, 34D, EV 110.0 MPH)
|
Batting: RHB Hugo Priego
|
0-0: Ball Wild Pitch! Yoshitoshi Mori to second 1-0: Swinging Strike 1-1: Ball 2-1: Ball 3-1: Called Strike 3-2: Base on Balls
|
Pitching: RHP Bryce Blanksby
|
|
Batting: LHB Guadalupe Gonzalez
|
0-0: Called Strike 0-1: Ball 1-1: Ball 2-1: Foul Ball, location: 2F 2-2: Fielders Choice at 2nd, 4-6 (Groundball, 4, EV 103.8 MPH) Yoshitoshi Mori to third
|
Batting: LHB Ryan Fridley
|
0-0: Ball 1-0: Called Strike 1-1: Foul Ball, location: 2F 1-2: Ball 2-2: Fly out, F6 (Flyball, 6D, EV 90.0 MPH)
|
Bottom of the 5th over - 0 runs, 1 hit, 0 errors, 2 left on base; Seattle (APP) 1 - Greeneville 2 |
TOP OF THE 6TH |
Seattle (APP) Mariners batting - Pitching for Greeneville Astros : RHP Max Warburton
|
Batting: SHB Frank Amato
|
0-0: SINGLE (Groundball, 4MD, EV 110.0 MPH)
|
Batting: LHB Chang Huie
|
0-0: SINGLE (Groundball, 56D, EV 101.9 MPH) Frank Amato to second
|
Batting: RHB Danny Pujols
|
0-0: Ball 1-0: Called Strike 1-1: Ball 2-1: Ball 3-1: Foul Ball, location: 2F 3-2: Fielders Choice at 2nd, 1-6 (Groundball, 13S, EV 73.1 MPH) Frank Amato to third
|
Batting: RHB Omar Solis
|
0-0: Ball 1-0: Ball 2-0: Ball 3-0: Base on Balls Danny Pujols to second
|
Pitching: RHP Ernie Bell
|
|
Batting: LHB Prince Nunley
|
0-0: Ball 1-0: Ball 2-0: Ball 3-0: Base on Balls Frank Amato scores Danny Pujols to third Omar Solis to second
|
Batting: RHB Chris Van Niel
|
0-0: Called Strike 0-1: Ball 1-1: Foul Ball, location: 2F 1-2: Ball 2-2: Reached on error, E5 (Groundball, 56S, EV 89.4 MPH) Danny Pujols scores Omar Solis to third Prince Nunley to second
|
Batting: RHB Nick Edmunds
|
0-0: Swinging Strike 0-1: Foul Ball, location: 2F 0-2: Ball 1-2: Fly out, F3 (Popup, 3SF, EV 76.9 MPH)
|
Batting: SHB Carlos Luna
|
0-0: Called Strike 0-1: Fly out, F7 (Flyball, 7D, EV 106.2 MPH)
|
Top of the 6th over - 2 runs, 2 hits, 1 error, 3 left on base; Seattle (APP) 3 - Greeneville 2 |
BOTTOM OF THE 6TH |
Greeneville Astros batting - Pitching for Seattle (APP) Mariners : RHP Bryce Blanksby
|
Batting: RHB Fernando Acosta
|
0-0: Called Strike 0-1: Called Strike 0-2: Reached on error, E6 (Groundball, 6, EV 101.2 MPH)
|
Pinch Hitting: RHB Leo Lopez
|
0-0: Ball 1-0: Called Strike 1-1: Ball 2-1: Foul Ball, location: 2F 2-2: Strikes out swinging
|
Pitching: RHP Domingo Maldonado
|
|
Batting: RHB Omar Amaya
|
0-0: Ball 1-0: Ground out 5-3 (Groundball, 5S, EV 64.4 MPH) Fernando Acosta to second
|
Batting: LHB Jackson Trottier
|
0-0: Ball 1-0: Called Strike 1-1: Fly out, F7 (Line Drive, 7LM, EV 98.1 MPH)
|
Bottom of the 6th over - 0 runs, 0 hits, 1 error, 1 left on base; Seattle (APP) 3 - Greeneville 2 |
TOP OF THE 7TH |
Seattle (APP) Mariners batting - Pitching for Greeneville Astros : RHP Ernie Bell
|
Now at 1B: Leo Lopez
|
|
Batting: SHB Raghnall Ahearne
|
0-0: Foul Ball, location: 2F 0-1: Ball 1-1: Ball 2-1: Ball 3-1: Foul Ball, location: 2F 3-2: Base on Balls
|
Pitching: RHP Marty Jackson
|
|
Batting: SHB Frank Amato
|
0-0: Ball 1-0: Ball Wild Pitch! Raghnall Ahearne to second 2-0: Foul Ball, location: 2F 2-1: Foul Ball, location: 2F 2-2: Foul Ball, location: 2F 2-2: Foul Ball, location: 2F 2-2: Foul Ball, location: 2F 2-2: Ball 3-2: Foul Ball, location: 2F 3-2: SINGLE (Line Drive, 9LS, EV 93.1 MPH) Raghnall Ahearne to third Runner from 3rd tries for Home, SAFE, throw by RF to home Frank Amato to second
|
Batting: LHB Chang Huie
|
0-0: DOUBLE (Line Drive, 5D, EV 98.1 MPH) Frank Amato scores
|
Batting: RHB Danny Pujols
|
0-0: Called Strike 0-1: Ball 1-1: Foul Ball, location: 2F 1-2: Fly out, F9 (Flyball, 89S, EV 85.0 MPH)
|
Batting: RHB Omar Solis
|
0-0: DOUBLE (Line Drive, 89XD, EV 101.9 MPH) Chang Huie scores
|
Batting: LHB Prince Nunley
|
0-0: Ball 1-0: SINGLE (Groundball, 34D, EV 104.4 MPH) Omar Solis to third Runner from 3rd tries for Home, SAFE, throw by RF to home
|
Pitching: RHP Russ Greer
|
|
Batting: RHB Chris Van Niel
|
Pickoff Throw to First - Out! 1-3 CS 0-0: Foul Ball, location: 2F 0-1: Ground out 6-3 (Groundball, 6, EV 84.4 MPH)
|
Top of the 7th over - 4 runs, 4 hits, 0 errors, 0 left on base; Seattle (APP) 7 - Greeneville 2 |
BOTTOM OF THE 7TH |
Greeneville Astros batting - Pitching for Seattle (APP) Mariners : RHP Domingo Maldonado
|
Batting: RHB Masaru Konno
|
0-0: Foul Ball, location: 2F 0-1: Ground out 6-3 (Groundball, 6, EV 88.8 MPH)
|
Batting: RHB Yoshitoshi Mori
|
0-0: Called Strike 0-1: Called Strike 0-2: Foul Ball, location: 2F 0-2: Ball 1-2: Foul Ball, location: 2F 1-2: SOLO HOME RUN (Flyball, 7LD, EV 96.9 MPH), Distance : 364 ft
|
Batting: RHB Hugo Priego
|
0-0: Called Strike 0-1: Ball 1-1: Ball 2-1: Foul Ball, location: 2F 2-2: Ball 3-2: Base on Balls
|
Pitching: RHP Frank Cabrera
|
|
Batting: LHB Guadalupe Gonzalez
|
0-0: Ball 1-0: Called Strike 1-1: Swinging Strike 1-2: Foul Ball, location: 2F 1-2: Strikes out swinging
|
Batting: LHB Ryan Fridley
|
0-0: Called Strike 0-1: Ball 1-1: TRIPLE (Flyball, 78XD, EV 98.8 MPH) Hugo Priego scores
|
Batting: RHB Fernando Acosta
|
0-0: Ball 1-0: Foul Ball, location: 2F 1-1: Ball Wild Pitch! Ryan Fridley scores 2-1: Ball 3-1: Base on Balls
|
Batting: RHB Leo Lopez
|
0-0: Called Strike 0-1: Ball Wild Pitch! Fernando Acosta to second 1-1: SINGLE (Groundball, 6MD, EV 104.4 MPH) Fernando Acosta to third
|
Batting: RHB Omar Amaya
|
0-0: Ball 1-0: Ball 2-0: Ball 3-0: Base on Balls Leo Lopez to second
|
Pitching: RHP Eric Dixon
|
|
Batting: LHB Jackson Trottier
|
0-0: SINGLE (Line Drive, 5D, EV 103.1 MPH) Fernando Acosta scores Leo Lopez to third Omar Amaya to second
|
Batting: RHB Masaru Konno
|
0-0: Called Strike 0-1: Called Strike 0-2: Ball 1-2: Fly out, F4 (Flyball, 4D, EV 83.8 MPH)
|
Bottom of the 7th over - 4 runs, 4 hits, 0 errors, 3 left on base; Seattle (APP) 7 - Greeneville 6 |
TOP OF THE 8TH |
Seattle (APP) Mariners batting - Pitching for Greeneville Astros : RHP Russ Greer
|
Batting: RHB Nick Edmunds
|
0-0: Called Strike 0-1: Ball 1-1: Foul Ball, location: 2F 1-2: Strikes out swinging
|
Batting: SHB Carlos Luna
|
0-0: Ball 1-0: Foul Ball, location: 2F 1-1: Fly out, F9 (Flyball, 9LS, EV 89.4 MPH)
|
Batting: SHB Raghnall Ahearne
|
0-0: Called Strike 0-1: Ball 1-1: Swinging Strike 1-2: Ball 2-2: Ground out 6-3 (Groundball, 6, EV 107.5 MPH)
|
Top of the 8th over - 0 runs, 0 hits, 0 errors, 0 left on base; Seattle (APP) 7 - Greeneville 6 |
BOTTOM OF THE 8TH |
Greeneville Astros batting - Pitching for Seattle (APP) Mariners : RHP Eric Dixon
|
Batting: RHB Yoshitoshi Mori
|
0-0: Ball 1-0: Foul Ball, location: 2F 1-1: Ball 2-1: SOLO HOME RUN (Flyball, 7D, EV 100.6 MPH), Distance : 394 ft
|
Batting: RHB Hugo Priego
|
0-0: Ball 1-0: Ball 2-0: Ball 3-0: Base on Balls
|
Batting: LHB Guadalupe Gonzalez
|
0-0: Ball Hugo Priego steals 2nd base 1-0: Bunt missed! 1-1: Bunted foul 1-2: Ball 2-2: 2-RUN HOME RUN (Flyball, 9D, EV 96.9 MPH), Distance : 366 ft
|
Pitching: RHP Luis Pantoja
|
|
Batting: LHB Ryan Fridley
|
0-0: Ball 1-0: Fly out, F6 (Line Drive, 6, EV 71.2 MPH)
|
Batting: RHB Fernando Acosta
|
0-0: Ball 1-0: Ground out U3 (Groundball, 3, EV 84.4 MPH)
|
Batting: RHB Leo Lopez
|
0-0: Foul Ball, location: 2F 0-1: Swinging Strike 0-2: Strikes out swinging
|
Bottom of the 8th over - 3 runs, 2 hits, 0 errors, 0 left on base; Seattle (APP) 7 - Greeneville 9 |
TOP OF THE 9TH |
Seattle (APP) Mariners batting - Pitching for Greeneville Astros : RHP Russ Greer
|
Batting: SHB Frank Amato
|
0-0: Ball 1-0: Foul Ball, location: 2F 1-1: Fly out, F7 (Flyball, 7, EV 85.6 MPH)
|
Batting: LHB Chang Huie
|
0-0: Ball 1-0: SINGLE (Groundball, 5D, EV 112.5 MPH)
|
Pitching: RHP James Browning
|
|
Batting: RHB Danny Pujols
|
0-0: Swinging Strike 0-1: Ball 1-1: Ball 2-1: Foul Ball, location: 2F 2-2: Foul Ball, location: 2F 2-2: Reached on error, E6 (Groundball, 6, EV 89.4 MPH) Chang Huie to second
|
Batting: RHB Omar Solis
|
0-0: Ball 1-0: Ball 2-0: Ball 3-0: Called Strike 3-1: Fielders Choice at 2nd, 3-6 (Groundball, 34S, EV 86.9 MPH) Chang Huie to third
|
Batting: LHB Prince Nunley
|
0-0: Called Strike 0-1: Called Strike 0-2: Ground out 2-3 (Groundball, 2L, EV 70.0 MPH)
|
Top of the 9th over - 0 runs, 1 hit, 1 error, 2 left on base; Seattle (APP) 7 - Greeneville 9 |
|